 Dungeon Crawl Stone Soup version 0.28-a0-1624-g820543e53a (webtiles) character file.

Game seed: 6323698995641326762

45 sasquatch the Cudgeller (level 3, -1/39 HPs)
             Began as an Ogre Berserker on Jan 23, 2022.
             Was a Follower of Trog.
             Slain by a sky beast (2 damage)
             ... on level 3 of the Dungeon.
             The game lasted 00:02:03 (1467 turns).

sasquatch the Cudgeller (Ogre Berserker)            Turns: 1467, Time: 00:02:04

Health: -1/39      AC:  3    Str: 23    XL:     3   Next: 64%
Magic:  3/3        EV: 10    Int:  8    God:    Trog [*.....]
Gold:   86         SH:  0    Dex:  8    Spells: 2/2 levels left

rFire   . . .      SeeInvis .   f - +2 whip (holy)
rCold   . . .      Faith    .   (no shield)
rNeg    . . .      Spirit   .   b - +0 animal skin
rPois   .          Reflect  .   (helmet restricted)
rElec   .          Harm     .   (no cloak)
rCorr   .          Rampage  .   (gloves unavailable)
Will    .....                   (boots unavailable)
Stlth   +.........              (no amulet)
HPRegen 0.13/turn               (no ring)
MPRegen 0.08/turn               (no ring)

@: no status effects
A: large, unfitting armour, tough skin 1
a: Renounce Religion, Berserk


You were on level 3 of the Dungeon.
You worshipped Trog.
Trog was aware of your devotion.
You visited 1 branch of the dungeon, and saw 3 of its levels.

You collected 86 gold pieces.

Inventory:

Hand Weapons
 a - a +0 mace
 f - a +2 whip of holy wrath (weapon)
Armour
 b - a +0 animal skin (worn)
Scrolls
 d - 3 scrolls of enchant weapon {unknown}
 e - 2 scrolls of identify {unknown}
Potions
 c - a potion of degeneration {unknown}
 g - a potion of brilliance {unknown}


   Skills:
 - Level 4.0 Fighting
 + Level 4.1 Maces & Flails
 - Level 2.6 Dodging


You had 2 spell levels left.
You didn't know any spells.
Your spell library was empty.

Dungeon Overview and Level Annotations

Branches:
Dungeon (3/15)

Altars:
Ashenzari


Innate Abilities, Weirdness & Mutations

You are too large for most types of armour.
You have tough skin. (AC +1)


Message History

No target in view!
No target in view!
Something hits you. Something shocks you.
You miss something. Something hits you. Something shocks you.
You hit something. Something hits you. Something shocks you.
You miss something. Something hits you but does no damage.
You closely miss something. Something hits you but does no damage.
A sky beast appears from thin air!
Reactivating autopickup.
You whack the sky beast!
The sky beast is heavily wounded.
The sky beast closely misses you.
You hit the sky beast.
The sky beast is heavily wounded.
The sky beast flickers out of sight!
Deactivating autopickup; reactivate with Ctrl-A.
Something hits you but does no damage.
You miss something. Something hits you but does no damage.
You barely miss something.
A sky beast appears from thin air!
Reactivating autopickup.
The sky beast barely misses you.
Found a scroll labelled BOTIPP NITULEU.
The sky beast hits you. The sky beast shocks you.
* * * LOW HITPOINT WARNING * * *
You miss the sky beast.
The sky beast is heavily wounded.
The sky beast hits you but does no damage.
You hit the sky beast.
The sky beast is heavily wounded.
The sky beast hits you.
* * * LOW HITPOINT WARNING * * *
The sky beast shocks you.
* * * LOW HITPOINT WARNING * * *
You barely miss the sky beast.
The sky beast is heavily wounded.
The sky beast flickers out of sight!
Deactivating autopickup; reactivate with Ctrl-A.
Something hits you.
You die...

#?##..........#
#####.##.....##.#$#
...#.##........#
....##........#
...##....#.#.#
..#####...#.# #.#
#.....# #.# #.....#
#@# ###...#.######
#{#.......#.......
#.######..........
#.#.........######
#.##.####.......#
#............##.##
####.####...###.#.
#.# #......... ...
#...###.##


There were no monsters in sight!

Vanquished Creatures
  An adder (D:2)
  2 dart slugs (D:1)
  2 endoplasms (D:1)
  3 giant cockroaches (D:1)
  3 goblins
  3 hobgoblins
  A quokka (D:1)
  3 ball pythons
  3 bats (D:1)
  2 frilled lizards (D:2)
  3 kobolds
  3 rats
29 creatures vanquished.

Notes
Turn   | Place    | Note
-------+----------+-------------------------------------------
     0 | D:1      | sasquatch the Ogre Berserker began the quest for the Orb.
     0 | D:1      | Reached XP level 1. HP: 24/24 MP: 1/1
   132 | D:1      | Reached XP level 2. HP: 27/32 MP: 2/2
   493 | D:1      | Reached XP level 3. HP: 39/39 MP: 3/3
   928 | D:2      | Found a broken altar of Ashenzari.
  1421 | D:3      | Noticed a sky beast
  1466 | D:3      | HP: 1/39 [sky beast (6)]
  1467 | D:3      | Slain by a sky beast

Illustrated notes

Levels and vault maps discovered:
D:1:      dpeg_arrival_line_fractal, layout_basic, st_stairs_7, chequers_garden
D:2:      layout_basic, basic_altar, minmay_crystal_water
D:3:      layout_basic, serial_shops, shop, hellmonk_ecumenical_altar_lost_god,
          amcnicky_mini_corridor_feature, minivault_27

Skill      XL: |  1  2  3 |
---------------+----------+-----
Maces & Flails | 3 4 |  4.1
Fighting       | |  4.0
Dodging        | |  2.6

Action                   || total
-------------------------++-------
Melee: Mace              ||    42
       Whip              ||    49
       Punch             ||     1
Armor: Animal skin       ||    29
Dodge: Dodged            ||    42

Table legend: (Time is in decaauts)
 A = Elapsed time spent in this place.
 B = Non-inter-level travel time spent in this place.
 C = Inter-level travel time spent in this place.
 D = Time resting spent in this place.
 E = Time spent auto-exploring this place.
 F = Levels seen in this place.
 G = Mean time per level.
                   A        B        C        D        E       F      G
               +--------+--------+--------+--------+--------+-----+--------+
         Total |   1476 |   1273 |    203 |      0 |   1033 |   3 |  492.0 |
       Dungeon |   1476 |   1273 |    203 |      0 |   1033 |   3 |  492.0 |
               +--------+--------+--------+--------+--------+-----+--------+

Top non-repeatable levels by time:
     D:1: 723 daAuts
     D:2: 681 daAuts
     D:3: 71 daAuts
